 Dungeon Crawl Stone Soup version 0.31.0-9-g3a7656b989 (webtiles) character file.

Game seed: 13752642164871014279

2536 qw the Nimble (level 9, -6/46 HPs)
             Began as a Spriggan Hunter on Feb 2, 2024.
             Was a Follower of Okawaru.
             Killed by divine providence
             ... invoked by an orc priest
              (14 damage)
             ... on level 6 of the Dungeon.
             The game lasted 00:00:42 (5203 turns).

qw the Nimble (Spriggan Hunter)                     Turns: 5203, Time: 00:00:43

Health: -6/46      AC:  4    Str:  7    XL:     9   Next: 30%
Magic:  11/11      EV: 27    Int: 10    God:    Okawaru [*.....]
Gold:   365        SH:  0    Dex: 23    Spells: 8/8 levels left

rFire   . . .        a - +2 shortbow
rCold   . . .        (shield currently unavailable)
rNeg    . . .        p - +0 steam dragon scales
rPois   .            (helmet restricted)
rElec   .            r - +2 cloak
rCorr   .            (gloves unavailable)
SInv    +            (boots unavailable)
Will    +....        q - amulet of regeneration
Stlth   ++           k - +4 ring of protection
HPRegen 1.07/turn    n - +4 ring of slaying {mikee}
MPRegen 0.12/turn

%: no passive effects
@: corroded, very quick
A: very small, no large weapons, unfitting armour, see invisible, speed 3
a: Renounce Religion, Heroism


You were on level 6 of the Dungeon.
You worshipped Okawaru.
Okawaru was aware of your devotion.
You visited 2 branches of the dungeon, and saw 8 of its levels.

You collected 423 gold pieces.
You spent 58 gold pieces at shops.


Innate Abilities, Weirdness & Mutations

You are very small and have problems with some larger weapons.
You are too small for most types of armour.
You have supernaturally acute eyesight. (SInv)
You cover ground extremely quickly. (Speed+++)


   Skills:
 - Level 4.5 Fighting
 + Level 9.1 Ranged Weapons
 - Level 1.3 Armour
 - Level 10.1 Dodging
 - Level 1.5 Stealth
 + Level 2.2 Invocations


You had 8 spell levels left.
You didn't know any spells.
Your spell library was empty.

Inventory:

Hand Weapons
 a - a +2 shortbow (weapon)
Armour
 p - +0 steam dragon scales (worn)
 r - a +2 cloak (worn)
Jewellery
 i - a ring of protection from fire
 k - a +4 ring of protection (left hand)
 n - a +4 ring of slaying (right hand) {mikee}
 q - an amulet of regeneration (around neck)
 Y - a ring of protection from fire
Wands
 b - a wand of paralysis (9)
 c - a wand of iceblast (9)
 s - a wand of acid (2)
Potions
 e - a potion of enlightenment
 f - 2 potions of curing
 g - a potion of ambrosia {unknown}
 h - a potion of lignification {unknown}

Dungeon Overview and Level Annotations

Branches:
Dungeon (7/15)             Temple (1/1) D:5

Altars:
Ashenzari
Cheibriados
Dithmenos
Fedhas
Gozag
Hepliaklqana
Kikubaaqudgha
Nemelex Xobeh
Okawaru
Qazlal
Ru
Trog
Uskayaw
Vehumet
Wu Jian
Xom
Yredelemnul
Zin
The Shining One

Shops:
D:1 (   D:2 [


Message History

You kill the orc wizard!
Okawaru accepts your kill.
You shoot an arrow.
The arrow closely misses the acid dragon.
The acid dragon spits acid at you. The splash of acid hits you!
The acid corrodes you!
You hear a howl!
5190 ||| FLEEEEING.
5191 ||| FLEEEEING.
You start resting.
An acid dragon is nearby!
5193 ||| FLEEEEING.
You start resting.
An acid dragon is nearby!
You shoot an arrow.
The arrow barely misses the acid dragon.
The acid dragon spits acid at you. The splash of acid hits you!!
The acid corrodes you!
5199 ||| READING scroll of teleportation.
As you read the scroll of teleportation, it crumbles to dust.
You feel strangely unstable. The acid dragon misses you.
The acid dragon closely misses you.
You shoot an arrow.
The arrow barely misses the acid dragon.
The acid dragon misses you. x2
You shoot an arrow.
The arrow closely misses the acid dragon.
You shoot an arrow.
The arrow closely misses the acid dragon.
Your surroundings suddenly seem different.
An orc priest comes into view. It is wielding a +0 hand axe.
Found a robe and a bubbling green potion.
Found a stone staircase leading down.
You shoot an arrow. The orc priest shouts!
The arrow hits the orc priest.
The orc priest is moderately wounded.
The orc priest mumbles some strange prayers to Beogh against you.
Beogh smites you!
You die...

. ...... .#
o..... ..... .
#...###
..#.....#
........## # .
..>......##....
# ..
#...@....... .
...
#....[......
....
#......!......
.....
###.........##
......
#.........#
.D...#
#..###.####
...... ### ##
..^.. ...#


You could see an orc priest.

Vanquished Creatures
  Maurice (D:7)
  Maggie (D:7)
  A steam dragon (D:6)
  A water moccasin (D:6)
  A sky beast (D:6)
  A kobold brigand (D:5)
  A bullfrog (D:7)
  A scorpion (D:4)
  9 wights
  2 howler monkeys
  4 hounds
  A gnoll bouda (D:5)
  3 orc priests (D:4)
  A bombardier beetle (D:4)
  A jelly (D:4)
  7 iguanas
  Ijyb (D:5)
  An orc wizard (D:6)
  12 gnolls
  10 adders
  A white imp (D:7)
  4 dart slugs
  2 ribbon worms
  10 orcs
  4 ball pythons
  5 bats
  5 endoplasms
  2 giant cockroaches
  5 goblins
  4 hobgoblins
  A jackal (D:3)
  11 kobolds
  7 quokkas
  6 frilled lizards
  4 rats
  A spectral hobgoblin (D:3)
132 creatures vanquished.

Notes
Turn   | Place    | Note
-------+----------+-------------------------------------------
     0 | D:1      | qw the Spriggan Hunter began the quest for the Orb.
     0 | D:1      | Reached XP level 1. HP: 10/10 MP: 2/2
     0 | D:1      | 0 ||| qw: Version: 0.3-a-155-g5e7d8dd
     0 | D:1      | 0 ||| qw: Game counter: 1838
     0 | D:1      | 0 ||| qw: Melee chars always use a shield: true
     0 | D:1      | 0 ||| qw: God list: Okawaru
     0 | D:1      | 0 ||| qw: Allow faded altars: false
     0 | D:1      | 0 ||| qw: Do Orc after clearing Dungeon:15 true
     0 | D:1      | 0 ||| qw: Do second Lair branch before Depths: true
     0 | D:1      | 0 ||| qw: Lair rune preference: random
     0 | D:1      | 0 ||| qw: Goals: Normal
     0 | D:1      | 0 ||| PLANNING D:1-11
    18 | D:1      | Reached skill level 3 in Dodging
   129 | D:1      | Reached XP level 2. HP: 14/14 MP: 3/3
   150 | D:1      | Reached skill level 4 in Dodging
   366 | D:1      | Found Ymoaw's Antique Weapon Shop.
   712 | D:1      | 712 ||| READING scroll labelled GAUVUI DAAC ZUMEE.
   712 | D:1      | 712 ||| ENCHANTING +0 shortbow.
   713 | D:1      | 713 ||| DRINKING 2 smoky ruby potions.
   817 | D:1      | 817 ||| DROPPING scroll of butterflies.
   818 | D:1      | 818 ||| DROPPING potion of berserk rage.
   860 | D:2      | Reached XP level 3. HP: 18/18 MP: 4/4
  1082 | D:2      | Found Usseishro's Armour Shoppe.
  1086 | D:2      | Reached XP level 4. HP: 22/22 MP: 5/5
  1100 | D:2      | 1100 ||| BUYING +0 cloak (58 gold).
  1100 | D:2      | Bought a +0 cloak for 58 gold pieces
  1100 | D:2      | 1100 ||| SHOPLISTING +2 robe of willpower (230 gold, have
                  | 35).
  1100 | D:2      | 1100 ||| SHOPLISTING +2 troll leather armour (351 gold,
                  | have 35).
  1166 | D:2      | 1166 ||| UPGRADING to +0 cloak.
  1267 | D:2      | HP: 3/22 [gnoll/+0 club (3)]
  1268 | D:2      | Reached skill level 5 in Dodging
  1272 | D:2      | HP: 2/23 [kobold/+0 short sword (1)]
  1544 | D:2      | 1544 ||| UPGRADING to +4 ring of protection.
  1545 | D:2      | 1545 ||| UPGRADING to ring of protection from fire.
  1546 | D:2      | 1546 ||| DROPPING ring of wizardry.
  1547 | D:2      | 1547 ||| READING scroll labelled RIXTAEBROS.
  1547 | D:2      | 1547 ||| ENCHANTING +0 cloak.
  1548 | D:2      | 1548 ||| READING scroll labelled RUDOGH DUTOCS.
  1549 | D:2      | 1549 ||| READING scroll labelled BUGRAI DOIV.
  1550 | D:2      | 1550 ||| READING scroll labelled NACLIERIEG.
  1551 | D:2      | 1551 ||| READING scroll labelled YMEAXULLADD.
  1552 | D:2      | 1552 ||| DRINKING 2 bubbling dark potions.
  1726 | D:3      | Found a faded altar of an unknown god.
  1823 | D:3      | Reached XP level 5. HP: 26/26 MP: 6/6
  2189 | D:3      | 2189 ||| READING scroll labelled WAFOYSH JOUB.
  2190 | D:3      | 2190 ||| READING scroll labelled SOKISM IRPHO.
  2191 | D:3      | 2191 ||| DRINKING 2 fuming puce potions.
  2193 | D:3      | 2193 ||| Stepping ~*~*~tactically~*~*~ (cloud).
  2200 | D:3      | HP: 6/26 [poisoned by you (poison gas)]
  2441 | D:4      | HP: 5/26 [orc priest/divine providence (13)]
  2442 | D:4      | Reached skill level 6 in Ranged Weapons
  2442 | D:4      | 2442 ||| DRINKING potion of heal wounds.
  2451 | D:4      | Reached XP level 6. HP: 25/30 MP: 7/7
  2456 | D:4      | 2456 ||| FLEEEEING.
  2457 | D:4      | 2457 ||| FLEEEEING.
  2458 | D:4      | 2458 ||| FLEEEEING.
  2459 | D:4      | 2459 ||| FLEEEEING.
  2460 | D:4      | 2460 ||| STAIRDANCE
  2582 | D:4      | Reached skill level 6 in Dodging
  3142 | D:4      | You fall into a shaft and drop 3 floors!
  3158 | D:7      | Found a basalt altar of Yredelemnul.
  3207 | D:7      | Noticed Maggie
  3208 | D:7      | 3208 ||| ZAPPING wand of paralysis (13) at 0,7 (Maggie;
                  | floor).
  3224 | D:7      | Killed Maggie
  3225 | D:7      | Reached skill level 8 in Dodging
  3225 | D:7      | Reached XP level 7. HP: 35/35 MP: 8/8
  3416 | D:7      | Reached XP level 8. HP: 39/39 MP: 9/9
  3447 | D:7      | Noticed Maurice
  3448 | D:7      | 3448 ||| ZAPPING wand of paralysis (12) at -5,1 (Maurice;
                  | floor).
  3449 | D:7      | 3449 ||| ZAPPING wand of paralysis (11) at -4,1 (Maurice;
                  | floor).
  3450 | D:7      | 3450 ||| ZAPPING wand of paralysis (10) at -3,1 (Maurice;
                  | floor).
  3467 | D:7      | Killed Maurice
  3609 | D:7      | 3609 ||| UPGRADING to +0 steam dragon scales.
  3619 | D:7      | 3619 ||| DROPPING +0 robe.
  3620 | D:7      | 3620 ||| UPGRADING to +2 cloak.
  3630 | D:7      | 3630 ||| DROPPING +1 cloak.
  3631 | D:7      | 3631 ||| UPGRADING to amulet of regeneration.
  3636 | D:7      | 3636 ||| UPGRADING to +4 ring of slaying {mikee}.
  3638 | D:7      | 3638 ||| READING scroll labelled PACZECIERCH.
  3642 | D:7      | 3642 ||| READING 2 scrolls labelled OGAOGI PIFILI.
  3643 | D:7      | 3643 ||| READING 2 scrolls labelled CURCHI AGRUUTE.
  3643 | D:7      | 3643 ||| IDENTIFYING inky potion
  3644 | D:7      | 3644 ||| READING scroll of identify.
  3644 | D:7      | 3644 ||| IDENTIFYING fuming coppery potion
  3645 | D:7      | 3645 ||| DROPPING potion of brilliance.
  3646 | D:7      | 3646 ||| DROPPING scroll of revelation.
  3677 | D:5      | Entered Level 5 of the Dungeon
  3984 | D:5      | Found a hazy altar of Hepliaklqana.
  4110 | D:5      | Found a staircase to the Ecumenical Temple.
  4111 | D:5      | 4111 ||| PLANNING TEMPLE
  4111 | D:5      | 4111 ||| READING scroll of identify.
  4111 | D:5      | 4111 ||| IDENTIFYING amethyst potion
  4112 | D:5      | 4112 ||| DROPPING potion of magic.
  4119 | Temple   | Entered the Ecumenical Temple
  4120 | Temple   | 4120 ||| PLANNING OKAWARU WORSHIP
  4189 | Temple   | Became a worshipper of Warmaster Okawaru
  4190 | Temple   | 4190 ||| PLANNING D:1-11
  4416 | D:5      | Reached skill level 9 in Ranged Weapons
  4457 | D:5      | Noticed Ijyb
  4469 | D:5      | Killed Ijyb
  4622 | D:5      | 4622 ||| RETREEEEATING.
  4623 | D:5      | 4623 ||| RETREEEEATING.
  4624 | D:5      | 4624 ||| RETREEEEATING.
  4625 | D:5      | 4625 ||| RETREEEEATING.
  4627 | D:5      | 4627 ||| RETREEEEATING.
  4628 | D:5      | 4628 ||| RETREEEEATING.
  4629 | D:5      | 4629 ||| RETREEEEATING.
  4630 | D:5      | 4630 ||| RETREEEEATING.
  4631 | D:5      | 4631 ||| RETREEEEATING.
  4632 | D:5      | 4632 ||| RETREEEEATING.
  4633 | D:5      | 4633 ||| RETREEEEATING.
  4634 | D:5      | 4634 ||| RETREEEEATING.
  4635 | D:5      | 4635 ||| RETREEEEATING.
  4636 | D:5      | 4636 ||| RETREEEEATING.
  4637 | D:5      | 4637 ||| RETREEEEATING.
  4638 | D:5      | 4638 ||| RETREEEEATING.
  4639 | D:5      | 4639 ||| RETREEEEATING.
  4640 | D:5      | 4640 ||| RETREEEEATING.
  4641 | D:5      | 4641 ||| RETREEEEATING.
  4642 | D:5      | 4642 ||| RETREEEEATING.
  4643 | D:5      | 4643 ||| RETREEEEATING.
  4655 | D:5      | Reached skill level 9 in Dodging
  4967 | D:6      | Reached XP level 9. HP: 46/46 MP: 10/10
  4982 | D:6      | Reached skill level 1 in Armour
  4985 | D:6      | 4985 ||| RETREEEEATING.
  4989 | D:6      | Reached * piety under Okawaru
  4998 | D:6      | Reached skill level 1 in Invocations
  5097 | D:6      | Reached skill level 10 in Dodging
  5129 | D:6      | 5129 ||| READING scroll of enchant weapon.
  5129 | D:6      | 5129 ||| ENCHANTING +1 shortbow.
  5190 | D:6      | 5190 ||| FLEEEEING.
  5191 | D:6      | 5191 ||| FLEEEEING.
  5193 | D:6      | 5193 ||| FLEEEEING.
  5198 | D:6      | HP: 2/46 [acid dragon/splash of acid (22)]
  5199 | D:6      | 5199 ||| READING scroll of teleportation.
  5203 | D:6      | Killed from afar by an orc priest

Levels and vault maps discovered:
D:1:      heliophobic_arrival_glass_houses, layout_basic, serial_shops, shop
D:2:      layout_rooms, serial_shops, shop, chequers_serial_rivers_small_a,
          nicolae_concentric_dashed_squares_wild, st_stairs_4, minivault_24,
          amethyst_killhole, hangedman_feature_mirror, serial_bayou_ford_a
D:3:      kennysheep_big_flooded_room, layout_loops_ring,
          dreamdust_ecumenical_altar_drowned_temple
D:4:      layout_layer_cave
D:5:      layout_basic, mainiacjoe_overflow_boulevard,
          minmay_temple_entry_gardened_gates, lexackson_kobold_supper, uniq_ijyb
D:6:      layout_cave_pools, lightli_church_of_beogh
D:7:      layout_loops_ring, mainiacjoe_overflow_chevrons, uniq_maurice,
          uniq_maggie
Temple:   minmay_crystal_spiral_temple

Skill      XL: |  1  2  3  4  5  6  7  8  9 |
---------------+----------------------------+-----
Dodging        | 3 4 5 8 9 10 | 10.1
Ranged Weapons | 5 6 7 9 |  9.1
Fighting       | 2 4 |  4.5
Armour         | 1 |  1.3
Invocations    | 2 |  2.2
Stealth        | |  1.5

Action                     |  1- 3 |  4- 6 |  7- 9 || total
---------------------------+-------+-------+-------++-------
   Fire: Shortbow          |    62 |   194 |   297 ||   553
  Evoke: Wand              |       |     1 |     3 ||     4
    Use: Scroll            |     1 |     7 |     7 ||    15
         Potion            |     1 |     3 |       ||     4
 Armour: Robe              |     4 |    25 |     9 ||    38
         Steam dragon scal |       |       |    28 ||    28
  Dodge: Dodged            |    22 |    69 |   136 ||   227

Table legend:
 A = Non-vault XP
 B = Vault XP
 C = Vault XP percentage of total XP
 D = Non-vault monster count
 E = Vault monster count
 F = Vault count percentage of total count
                 A         B        C        D         E       F
            +---------+---------+-------+---------+---------+-------
      Total |    2497 |    1127 |  31.1 |     113 |      19 |  14.4
            +---------+---------+-------+---------+---------+-------
        D:1 |      31 |       0 |   0.0 |      14 |       0 |   0.0
        D:2 |     117 |      22 |  15.8 |      20 |       5 |  20.0
        D:3 |      30 |       4 |  11.8 |      14 |       3 |  17.6
        D:4 |     523 |       0 |   0.0 |      26 |       0 |   0.0
        D:5 |     331 |     145 |  30.5 |      15 |       9 |  37.5
        D:6 |     873 |       0 |   0.0 |      11 |       0 |   0.0
        D:7 |     592 |     956 |  61.8 |      13 |       2 |  13.3
            +---------+---------+-------+---------+---------+-------
